 Dungeon Crawl Stone Soup version 0.31-a0-115-g4708a659fe (webtiles) character file.

Game seed: 4749754886589122185

41 Chodeload the Magician (level 3, 0/19 HPs)
             Began as a Deep Elf Wanderer on May 30, 2023.
             Slain by a gnoll
             ... wielding a +0 flail
              (8 damage)
             ... on level 2 of the Dungeon.
             The game lasted 00:02:30 (748 turns).

Chodeload the Magician (Deep Elf Wanderer)           Turns: 748, Time: 00:02:31

Health: 0/19       AC:  5    Str:  9    XL:     3   Next: 32%
Magic:  10/10      EV:  9    Int: 17    God:
Gold:   35         SH:  0    Dex: 15    Spells: 10/10 levels left

rFire   . . .        e - +2 quarterstaff
rCold   . . .        (shield currently unavailable)
rNeg    . . .        c - +0 ring mail
rPois   .            (no helmet)
rElec   .            (no cloak)
rCorr   .            (no gloves)
SInv    .            (no boots)
Will    .....        (no amulet)
Stlth   +            (no ring)
HPRegen 0.23/turn    (no ring)
MPRegen 0.12/turn

%: no passive effects
@: no status effects
A: no striking features
a: no special abilities


You were on level 2 of the Dungeon.
You visited 1 branch of the dungeon, and saw 2 of its levels.

You collected 35 gold pieces.

Inventory:

Hand Weapons
 a - a +2 short sword of freezing
 e - a +2 quarterstaff (weapon)
Missiles
 n - 5 stones (quivered)
Armour
 c - a +0 ring mail (worn)
Jewellery
 j - a ring of ice
Scrolls
 b - a scroll of silence
 f - a scroll of poison {unknown}
 g - a scroll of immolation {unknown}
 h - 2 scrolls of teleportation {unknown}
 i - a scroll of blinking {unknown}
 l - a scroll of identify {unknown}
 m - a scroll of fear {unknown}
Potions
 d - a potion of berserk rage
 k - a potion of curing {unknown}


   Skills:
 - Level 3.0 Staves
 - Level 2.4 Armour
 - Level 1.5 Unarmed Combat
 - Level 4.0 Spellcasting
 + Level 1.4 Conjurations
 - Level 1.1 Evocations


You had 10 spell levels left.
You didn't know any spells.
Your spell library contained the following spells:

 Spells                   Type           Power      Damage    Failure   Level
 Call Canine Familiar     Summ           3%         N/A       77%         3
 Portal Projectile        Hex/Tloc       6%         N/A       77%         3
 Volatile Blastmotes      Fire/Tloc      6%         2d10      77%         3
 Fulminant Prism          Conj/Hex       2%         3d5       97%         4
 Iskenderun's Mystic Bla  Conj/Tloc      5%         2d3       97%         4
 Leda's Liquefaction      Hex/Erth       1%         N/A       99%         4
 Lee's Rapid Deconstruct  Erth           1%         3d4*      100%        5


Dungeon Overview and Level Annotations

Branches:
Dungeon (2/15)

Altars:


Message History

Aim: a gnoll, wielding a +0 club (61% to hit)
You throw a stone. The stone closely misses the gnoll.
Throw: 7 stones
Press: ? - help, Q - select action Shift-Dir - straight line, f/p - gnoll
Aim: a gnoll, wielding a +0 club (61% to hit)
You throw a stone. The stone closely misses the gnoll.
Throw: 6 stones
Press: ? - help, Q - select action Shift-Dir - straight line, f/p - gnoll
Aim: a gnoll, wielding a +0 club (61% to hit)
You throw a stone.
The stone hits the gnoll but does no damage.
You hit the gnoll.
The gnoll is moderately wounded.
The gnoll closely misses you. The gnoll hits you with a +0 club.
You closely miss the gnoll.
The gnoll is moderately wounded.
The gnoll hits you with a +0 club.
You sock the gnoll!
The gnoll is almost dead.
The gnoll closely misses you.
You hit the gnoll.
You kill the gnoll!
Your Conjurations skill increases to level 1!
A frilled lizard comes into view.
The frilled lizard hisses angrily.
A gnoll comes into view. It is wielding a +0 flail.
The frilled lizard bites you but does no damage.
Found 11 gold pieces.
The gnoll shouts!
A kobold comes into view. It is wielding a +0 club.
The kobold shouts!
The gnoll barely misses you.
The frilled lizard bites you but does no damage.
The gnoll barely misses you.
The frilled lizard completely misses you.
The gnoll hits you with a +0 flail!
The frilled lizard attacks as you move away!
The frilled lizard barely misses you. The gnoll attacks as you move away!
The gnoll hits you with a +0 flail!
You die...

.⌠.#.#.⌠.........<+.........
.~.#.#.~..........#.....#...
.⌠P#_#.~..........#.#...# ..
.~.###P~..........#. ...# .
. ..P........).#. ...#
~~~..........#
.............## +##
........# ....
.......@######.....
#......g#..........
........l..........
...##.............. ...
#..............
...................
.........#........
.........#.......$
.........#........


You could see a gnoll and a frilled lizard.

Vanquished Creatures
  A gnoll (D:2)
  A dart slug (D:1)
  3 ball pythons (D:1)
  4 endoplasms (D:1)
  A giant cockroach (D:1)
  4 goblins
  3 hobgoblins
  A kobold (D:1)
  A quokka (D:2)
  3 frilled lizards (D:1)
  4 rats (D:1)
26 creatures vanquished.

Notes
Turn   | Place    | Note
-------+----------+-------------------------------------------
     0 | D:1      | Chodeload the Deep Elf Wanderer began the quest for the
                  | Orb.
     0 | D:1      | Chodeload set off with the following items: a +2
                  | quarterstaff, a scroll of silence, a +0 ring mail, a potion
                  | of berserk rage.
     0 | D:1      | Reached XP level 1. HP: 10/10 MP: 5/5
    15 | D:1      | Reached skill level 2 in Spellcasting
    94 | D:1      | Reached skill level 3 in Spellcasting
    94 | D:1      | Reached XP level 2. HP: 14/15 MP: 8/8
   573 | D:1      | Reached skill level 4 in Spellcasting
   640 | D:2      | Found a faded altar of an unknown god.
   647 | D:2      | Reached XP level 3. HP: 18/19 MP: 10/10
   735 | D:2      | Reached skill level 1 in Conjurations
   748 | D:2      | Slain by a gnoll

Illustrated notes

Levels and vault maps discovered:
D:1:      scummos_arrival_simple_fountains, layout_loops_cross
D:2:      layout_basic, shapermc_ecumenical_altar_acropolis, basic_altar,
          minmay_tromino_v4_a

Skill      XL: |  1  2  3 |
---------------+----------+-----
Spellcasting   | 3 4 |  4.0
Conjurations   | 1 |  1.4
Staves         | |  3.0
Armour         | |  2.4
Unarmed Combat | |  1.5
Evocations     | |  1.1

Action                     || total
---------------------------++-------
  Melee: Short sword       ||    43
         Quarterstaff      ||    12
         Punch             ||     2
  Throw: Stone             ||     4
 Armour: Ring mail         ||    26
  Dodge: Dodged            ||    21

Table legend: (Time is in decaauts)
 A = Elapsed time spent in this place.
 B = Non-inter-level travel time spent in this place.
 C = Inter-level travel time spent in this place.
 D = Time resting spent in this place.
 E = Time spent auto-exploring this place.
 F = Levels seen in this place.
 G = Mean time per level.
                   A        B        C        D        E       F      G
               +--------+--------+--------+--------+--------+-----+--------+
         Total |    748 |    719 |     29 |     27 |    502 |   2 |  374.0 |
       Dungeon |    748 |    719 |     29 |     27 |    502 |   2 |  374.0 |
               +--------+--------+--------+--------+--------+-----+--------+

Top non-repeatable levels by time:
     D:1: 613 daAuts
     D:2: 135 daAuts
